AoeStats
← TheQuietRiot

Arabia

504447446Analyzed
1v1 RM · 28d ago on Sep 5, 2026· 47m 29s· 2 players
Game mode
Random Map
Map size
Tiny (2 player)
Population
200
Speed
Normal
Resources
Standard
Victory
Conquest
Starting age
Dark Age
Ending age
Imperial Age
RankedLock teamsTeams togetherTeam positionsShared explorationLock speedFull tech treeHidden civsTurbo modeCheats
Victory
Defeat
🇬🇧 Britons · United Kingdom
946
+15
🇮🇳 Khmer · India
921
-15
Zero Wins Gamer
9:25 Loom
11:37 Feudal Age
13:25 Wheelbarrow
17:19 Castle Age
15:34 Double-Bit Axe
17:15 Padded Archer Armor
21:31 Hand Cart
23:07 Bow Saw
31:16 Stone Mining
31:18 Gold Mining
35:40 Imperial Age
36:41 Gold Shaft Mining
36:51 Conscription
38:55 Heavy Scorpion
41:28 Siege Engineers
42:30 Chemistry
TheQuietRiot
7:20 Loom
9:55 Feudal Age
10:42 Double-Bit Axe
14:09 Fletching
15:04 Horse Collar
17:49 Wheelbarrow
21:55 Castle Age
20:13 Stone Mining
20:15 Gold Mining
20:39 Padded Archer Armor
21:31 Town Watch
22:12 Crossbowman
23:39 Husbandry
25:02 Bodkin Arrow
25:06 Light Cavalry
28:46 Hand Cart
28:57 Heavy Plow
29:30 Town Patrol
33:24 Leather Archer Armor
36:59 Imperial Age
37:20 Bow Saw
37:25 Forging
37:16 Scale Mail Armor
36:40 Pikeman
37:07 Gambesons
37:22 Squires
37:08 Arson
38:06 Conscription
38:39 Ballistics
37:53 Arbalester
38:13 Man-at-Arms
38:53 Long Swordsman
41:01 Two-Handed Swordsman
41:03 Halberdier
41:49 Bracer
45:13 Chemistry
44:42 Yeomen
Connection lost

Rejoining the realm…

Still unreachable

The connection could not be restored.

Session expired

The server has moved on; the page needs a fresh start.